 Dungeon Crawl Stone Soup version 0.30-a0-385-gfebfb9b408 (webtiles) character file.

Game seed: 1255804371122845026

9 arthad the Sneak (level 2, -3/19 HPs)
             Began as a Gargoyle Delver on Dec 3, 2022.
             Slain by an iguana (12 damage)
             ... on level 5 of the Dungeon.
             The game lasted 00:00:45 (143 turns).

arthad the Sneak (Gargoyle Delver)                   Turns: 143, Time: 00:00:46

Health: -3/19      AC:  5    Str: 15    XL:     2   Next: 12%
Magic:  2/2        EV: 11    Int: 10    God:
Gold:   26         SH:  0    Dex: 11    Spells: 1/1 levels left

rFire   . . .      SeeInvis .    a - +0 mace
rCold   . . .      Faith    .    (no shield)
rNeg    + . .      Spirit   .    b - +0 leather armour
rPois   ∞          Reflect  .    (no helmet)
rElec   +          Harm     .    (no cloak)
rCorr   .          Rampage  .    (no gloves)
Will    .....                    (no boots)
Stlth   +++.......               (no amulet)
HPRegen 0.23/turn                (no ring)
MPRegen 0.08/turn                (no ring)

@: no status effects
A: sickness immunity, AC +2, negative energy resistance 1, electricity
resistance, torment resistance 1, petrification resistance
a: no special abilities


You were on level 5 of the Dungeon.
You visited 1 branch of the dungeon, and saw 1 of its levels.

You collected 26 gold pieces.

Inventory:

Hand Weapons
 a - a +0 mace (weapon)
Armour
 b - a +0 leather armour (worn)
Wands
 g - a wand of digging (3)
 h - a wand of paralysis (13)
Scrolls
 c - a scroll of fog
 d - a scroll of magic mapping
 e - a scroll of fear
Potions
 f - a potion of haste
 i - a potion of berserk rage {unknown}
 j - 2 potions of heal wounds {unknown}


   Skills:
 + Level 3.4 Fighting
 + Level 2.2 Maces & Flails
 + Level 1.7 Dodging
 + Level 5.6 Stealth


You had one spell level left.
You didn't know any spells.
Your spell library was empty.

Dungeon Overview and Level Annotations

Branches:
Dungeon (5/15)             Temple (0/1) D:5

Altars:

Shops:
D:5 (


Innate Abilities, Weirdness & Mutations

You are immune to sickness and miasma.
Your stone body is resilient. (AC +2)
You are immune to poison.
You resist negative energy. (rN+)
You are resistant to electric shocks. (rElec)
You are resistant to unholy torment.
You are immune to petrification.


Message History

You hit the adder.
You kill the adder!
You have reached level 2!
Unknown command.
There is a stone staircase leading down here.
Found a bubbling dark potion.
A bullfrog comes into view.
Found a purple potion.
i - a purple potion
Found a stone staircase leading down.
A kobold brigand and 3 kobolds come into view.
The kobold brigand is wielding a +0 club and quivering curare-tipped darts.
The kobold shouts!
You hear a shout!
A kobold comes into view. It is wielding a +0 club.
The kobold moves out of view.
Found 2 golden potions.
j - 2 golden potions
Found a stone staircase leading down.
Found Afuxurea's Antique Weapon Boutique.
An iguana and a water moccasin come into view.
The gnoll shouts! x2
The iguana hisses angrily.
Found 21 gold pieces.
The iguana attacks as you move away! The iguana closely misses you.
Found a scroll of fear and a ring mail.
The iguana attacks as you move away!
The iguana bites you but does no damage.
Found a staircase to the Ecumenical Temple.
You see here 21 gold pieces.
You now have 26 gold pieces (gained 21).
The iguana bites you!
You closely miss the iguana. The iguana closely misses you.
You closely miss the iguana. The iguana closely misses you.
The iguana bites you.
You closely miss the iguana. The iguana barely misses you.
You sock the iguana!
The iguana is heavily wounded.
The iguana bites you!
Ouch! That really hurt!
You die...

#.####S#g....#.##
#.# #.#######.#
#.# ##. .## #.# ##
# #.# #.#
#.#######
#...#...#.[.
#.#l@.⌠...?> .
##....#.###...#...
# ........# #### #
c.......#
^.......#
........#
........#
........# #####
........# #...#


You could see an iguana.

Vanquished Creatures
  An adder (D:5)
1 creature vanquished.

Notes
Turn   | Place    | Note
-------+----------+-------------------------------------------
     0 | D:5      | arthad the Gargoyle Delver began the quest for the Orb.
     0 | D:5      | Reached XP level 1. HP: 14/14 MP: 1/1
    32 | D:5      | Noticed a centaur
    50 | D:5      | Reached XP level 2. HP: 19/19 MP: 2/2
    72 | D:5      | Noticed a bullfrog
   100 | D:5      | Noticed a kobold brigand
   113 | D:5      | Found Afuxurea's Antique Weapon Boutique.
   122 | D:5      | Noticed a water moccasin
   138 | D:5      | Found a staircase to the Ecumenical Temple.
   143 | D:5      | Slain by an iguana

Illustrated notes

Levels and vault maps discovered:
D:5:      layout_basic, minmay_temple_entry_antechambers,
          nicolae_take_the_stairs

Action                   || total
-------------------------++-------
Melee: Mace              ||    12
Armor: Leather armour    ||     8
Dodge: Dodged            ||    12

Table legend: (Time is in decaauts)
 A = Elapsed time spent in this place.
 B = Non-inter-level travel time spent in this place.
 C = Inter-level travel time spent in this place.
 D = Time resting spent in this place.
 E = Time spent auto-exploring this place.
 F = Levels seen in this place.
 G = Mean time per level.
                   A        B        C        D        E       F      G
               +--------+--------+--------+--------+--------+-----+--------+
         Total |    146 |    146 |      0 |      0 |     23 |   1 |  146.0 |
       Dungeon |    146 |    146 |      0 |      0 |     23 |   1 |  146.0 |
               +--------+--------+--------+--------+--------+-----+--------+

Top non-repeatable levels by time:
     D:5: 146 daAuts
